 Dungeon Crawl Stone Soup version 0.31-a0-771-g505c3d19dc (webtiles) character file.

Game seed: 17254295697824988935

18108 Psyclone the Thaumaturge (level 12, 73/73 HPs)
             Began as a Deep Elf Venom Mage on Sept 16, 2023.
             Was an Initiate of Gozag.
             Quit the game on level 1 of the Lair of Beasts.
             The game lasted 01:14:09 (18547 turns).

Psyclone the Thaumaturge (Deep Elf Venom Mage)     Turns: 18547, Time: 01:14:10

Health: 73/73      AC: 14    Str:  5    XL:     12   Next: 24%
Magic:  30/30      EV: 33    Int: 26    God:    Gozag
Gold:   819        SH:  0    Dex: 21    Spells: 8/35 levels left

rFire   + . .        a - +2 short sword (elec)
rCold   . . .        (no shield)
rNeg    . . .        s - +2 robe {rF+}
rPois   +            d - +2 helmet
rElec   .            M - +1 cloak {rPois}
rCorr   .            q - +0 pair of gloves
SInv    .            (no boots)
Will    +....        n - amulet of the acrobat
Stlth   ++           l - +6 ring of dexterity
HPRegen 0.32/turn    u - +4 ring of protection
MPRegen 0.22/turn

%: acrobat
@: acrobatic
A: noise suppression
a: Renounce Religion, Potion Petition, Call Merchant, Bribe Branch


You were on level 1 of the Lair of Beasts.
You worshipped Gozag.
Gozag was pleased with you.
You visited 4 branches of the dungeon, and saw 14 of its levels.
You also visited: Ossuary.

You collected 3706 gold pieces.
You spent 180 gold pieces at shops.
You paid 2707 gold pieces to Gozag.

Inventory:

Hand Weapons
 a - a +2 short sword of electrocution (weapon)
 C - a +0 dagger of protection
 K - a +3 dagger
Missiles
 D - 6 curare-tipped darts
 F - 2 throwing nets {!f}
Armour
 d - a +2 helmet (worn)
 e - the +1 robe of Spaghetti {rC+ Str+3}
   (You found it on level 2 of the Dungeon)

   Str+3:     It affects your strength (+3).
   rC+:       It protects you from cold.
 q - a +0 pair of gloves (worn)
 s - a +2 robe of fire resistance (worn)
 w - an orb of energy
 y - a +1 robe of willpower
 M - a +1 cloak of poison resistance (worn)
Magical Staves
 b - a staff of air
 G - a staff of fire
Jewellery
 l - a +6 ring of dexterity (left hand)
 n - an amulet of the acrobat (around neck)
 u - a +4 ring of protection (right hand)
 H - a ring of protection from fire
Wands
 p - a wand of flame (7)
 B - a wand of paralysis (16)
 E - a wand of light (6)
 I - a wand of roots (5)
Scrolls
 c - 4 scrolls of enchant armour
 h - 2 scrolls of immolation
 k - 4 scrolls of fog
 m - 9 scrolls of teleportation
 o - 2 scrolls of revelation
 L - a scroll of fear
Potions
 f - 4 potions of heal wounds
 g - 3 potions of magic
 i - a potion of attraction
 j - 7 potions of curing
 r - a potion of invisibility
 t - 2 potions of brilliance
 v - 2 potions of cancellation
 x - a potion of lignification
 z - a potion of resistance
 A - 3 potions of mutation
 J - a potion of ambrosia


   Skills:
 + Level 8.0 Fighting
 - Level 8.0 Dodging
 - Level 2.4 Stealth
 - Level 12.0 Spellcasting
 - Level 8.0 Conjurations
 - Level 1.1 Transmutations
 - Level 8.0 Fire Magic
 - Level 5.0 Air Magic
 - Level 10.0 Poison Magic


You had 8 spell levels left.
You knew the following spells:

 Your Spells              Type           Power      Damage    Failure   Level
a - Poisonous Vapours     Pois/Air       100%       N/A       1%          2
b - Sting                 Tmut/Pois      100%       1d8       1%          1
c - Fireball              Conj/Fire      27%        3d12      3%          5
d - Mephitic Cloud        Conj/Pois/Air  53%        N/A       1%          3
e - Searing Ray           Conj           100%       2d8       1%          2
f - Fulminant Prism       Conj/Hex       18%        3d10      7%          4
q - Blink                 Tloc           30%        N/A       5%          2
s - Ignite Poison         Fire/Tmut/Pois 48%        N/A       1%          3
t - Apportation           Tloc           30%        N/A       3%          1
x - Olgreb's Toxic Radia  Pois           61%        N/A       1%          4

Your spell library contained the following spells:

 Spells                   Type           Power      Damage    Failure   Level
 Magic Dart               Conj           100%       1d8       1%          1
 Cigotuvi's Dreadful Rot  Necr/Pois/Air  82%        N/A       1%          2
 Static Discharge         Conj/Air       98%        2-7/arc   1%          2
 Necrotise                Necr           60%        1d7       3%          1
 Summon Small Mammal      Summ           60%        N/A       3%          1
 Iskenderun's Battlesphe  Conj           55%        2d11      3%          5
 Airstrike                Air            20%        2d(3-19)  4%          4
 Ozocubu's Armour         Ice            15%        N/A       11%         3
 Summon Lightning Spire   Summ/Air       28%        N/A       13%         4
 Freezing Cloud           Conj/Ice/Air   19%        6-21      19%         5
 Animate Armour           Summ/Erth      30%        N/A       36%         4
 Manifold Assault         Tloc           15%        N/A       36%         4
 Lee's Rapid Deconstruct  Erth           7%         3d7*      71%         5
 Chain Lightning          Conj/Air       24%        3d32      100%        9
 Fire Storm               Conj/Fire      27%        8d7       100%        9
 Shatter                  Erth           7%         3d10*     100%        9


Dungeon Overview and Level Annotations

Branches:
Dungeon (10/15) Zot: 25812  Temple (1/1) D:4 Zot: 5973    Lair (1/5) D:10 Zot: 5904
    Orc (2/2) D:10 Zot: 8570     Elf (0/3) Orc:2       Ossuary (visited)

Altars:
Ashenzari
Cheibriados
Dithmenos
Elyvilon
Fedhas
Gozag
Hepliaklqana
Kikubaaqudgha
Makhleb
Nemelex Xobeh
Okawaru
Qazlal
Ru
Sif Muna
Trog
Uskayaw
Vehumet
Wu Jian
Xom
Yredelemnul
Zin
The Shining One

Shops:
D:10 ([   Orc:2 ([((   Lair:1 =:[

Annotations:
D:5 2 runed translucent doors, jpeg9000's ghost, amateur MiFi


Innate Abilities, Weirdness & Mutations

You passively dampen the noise of your surroundings.


Message History

You hit the cane toad.
The cane toad is heavily wounded.
The cane toad is engulfed in blazing flames.
The cane toad misses you.
You hit the cane toad.
The cane toad is severely wounded.
The cane toad is engulfed in blazing flames.
The cane toad misses you.
You hit the cane toad but do no damage.
The cane toad is severely wounded.
The cane toad closely misses you.
You hit the cane toad but do no damage.
The cane toad is severely wounded.
The cane toad misses you.
You barely miss the cane toad.
You punch the cane toad, but do no damage.
The cane toad is severely wounded.
The cane toad completely misses you. The cane toad closely misses you.
You barely miss the cane toad.
The cane toad is severely wounded.
The cane toad stings you!
You take 15 damage, and have 58/73 hp.
MASSIVE DAMAGE!!
You barely miss the cane toad.
The cane toad is severely wounded.
The cane toad stings you but does no damage.
You hit the cane toad but do no damage.
Lightning courses through the cane toad!!
You kill the cane toad!
Training target 12.0 for Spellcasting reached!
Your Spellcasting skill increases to level 12!
You need to enable at least one skill for training.
You now have 819 gold pieces (gained 6).
You start resting.
Magic restored.
You regained 11 hp, and now have 70/73 hp.
MP restored: 30 HP restored.
Found a dire flail.
Health restored: 73 Are you sure you want to abandon this character and quit the game? (Confirm with "yes".)

#)....
#.... #....
#.... P..#
..# #.##
##@.# ###
##..+####.#
#........##
#........#
+........#
#........#
#........#
#........##
###.#.###.#


There were no monsters in sight!

Vanquished Creatures
  Jorgrun (Orc:1)
  An orc warlord (Orc:2)
  An ettin (Orc:1)
  A two-headed ogre (D:10)
  An orc high priest (Orc:2)
  3 orc knights
  3 orc sorcerers
  An elephant (D:10)
  A cane toad (Lair:1)
  Jeremiah (D:7)
  2 trolls (Orc:2)
  A wraith (D:10)
  4 yaks (D:9)
  3 wyverns
  A basilisk (D:10)
  A steam dragon (D:10)
  3 wargs (Orc:2)
  Duvessa (D:4)
  3 water moccasins
  37 orc warriors
  4 black bears
  3 sky beasts
  4 ogres
  2 centaurs
  3 phantoms
  Blork the orc (D:5)
  4 elf zombies (Ossuary)
  A gnoll sergeant (D:9)
  A kobold brigand (D:8)
  4 scorpions
  A bullfrog (D:4)
  4 wights (D:7)
  Dowan (D:4)
  3 killer bees (D:9)
  8 howler monkeys
  2 jellies
  2 centaur zombies (Ossuary)
  4 hounds
  A human zombie (Ossuary)
  17 orc priests
  2 gnoll boudas
  4 iguanas
  20 orc wizards
  2 mummies (Ossuary)
  15 gnolls
  7 adders
  A shadow imp (D:8)
  A white imp (D:7)
  4 worms
  4 dart slugs
  84 orcs
  5 endoplasms
  2 giant cockroaches
  6 hobgoblins
  9 jackals
  11 kobolds
  3 quokkas (D:1)
  5 ball pythons
  4 bats
  6 frilled lizards
  6 goblins
  A goblin zombie (Ossuary)
  11 hobgoblin zombies (Ossuary)
  2 jackal zombies (Ossuary)
  6 kobold zombies (Ossuary)
  9 orc zombies (Ossuary)
  7 rats
  A rat zombie (Ossuary)
378 creatures vanquished.

Vanquished Creatures (others)
  An orc wizard (D:4)
1 creature vanquished.

Grand Total: 379 creatures vanquished

Notes
Turn   | Place    | Note
-------+----------+-------------------------------------------
     0 | D:1      | Psyclone the Deep Elf Venom Mage began the quest for the
                  | Orb.
     0 | D:1      | Reached XP level 1. HP: 10/10 MP: 6/6
   342 | D:1      | Reached skill level 4 in Spellcasting
   342 | D:1      | Reached XP level 2. HP: 4/15 MP: 3/9
   394 | D:1      | Learned a level 2 spell: Poisonous Vapours
  1250 | D:1      | Reached XP level 3. HP: 19/19 MP: 3/11
  1497 | D:2      | Found a glowing golden altar of the Shining One.
  1500 | D:2      | Reached skill level 5 in Spellcasting
  1629 | D:2      | Identified the +1 robe of Spaghetti {rC+ Str+3}
  2124 | D:2      | Learned a level 2 spell: Blink
  2183 | D:2      | Reached XP level 4. HP: 24/24 MP: 0/13
  2329 | D:2      | Reached skill level 6 in Spellcasting
  2534 | D:3      | Found a faded altar of an unknown god.
  3210 | D:3      | Found a hide-covered altar of Uskayaw.
  3519 | D:4      | Noticed a bullfrog
  3740 | D:4      | Found a radiant altar of Vehumet.
  3761 | D:4      | Reached XP level 5. HP: 27/28 MP: 1/16
  3934 | D:4      | Found a staircase to the Ecumenical Temple.
  3943 | Temple   | Entered the Ecumenical Temple
  3957 | Temple   | Became a worshipper of Gozag Ym Sagoz the Greedy
  4021 | D:4      | Noticed Duvessa
  4021 | D:4      | Noticed Dowan
  4034 | D:4      | Learned a level 4 spell: Olgreb's Toxic Radiance
  4038 | D:4      | Learned a level 3 spell: Mephitic Cloud
  4080 | D:4      | Killed Duvessa
  4081 | D:4      | Reached skill level 5 in Poison Magic
  4211 | D:4      | Noticed a black bear
  4223 | D:4      | Killed Dowan
  4224 | D:4      | Reached XP level 6. HP: 21/32 MP: 8/17
  4578 | D:4      | Reached XP level 7. HP: 24/36 MP: 11/19
  5171 | D:4      | Gained mutation: You passively dampen the noise of your
                  | surroundings. [potion of mutation]
  5181 | D:5      | Entered Level 5 of the Dungeon
  5246 | D:5      | Reached skill level 1 in Air Magic
  5333 | D:5      | Found a basalt altar of Yredelemnul.
  5333 | D:5      | Found a shimmering blue altar of Sif Muna.
  5831 | D:5      | Reached XP level 8. HP: 29/41 MP: 17/20
  6164 | D:5      | Found a runed translucent door.
  6165 | D:5      | Noticed jpeg9000's ghost (amateur MiFi)
  6275 | D:5      | Found a runed translucent door.
  6315 | D:5      | Noticed Blork the orc
  6327 | D:5      | Killed Blork the orc
  6848 | D:6      | Reached skill level 5 in Air Magic
  7266 | D:6      | Reached skill level 10 in Poison Magic
  7266 | D:6      | Reached skill level 1 in Fighting
  7273 | D:6      | HP: 2/43 [poisoned by a water moccasin]
  7525 | D:6      | Got embossed
  7992 | D:7      | Found a sand-covered staircase.
  7997 | Ossuary  | Entered an ossuary
  8380 | Ossuary  | Reached XP level 9. HP: 22/49 MP: 21/21
  9116 | D:7      | Found an iron altar of Okawaru.
  9775 | D:7      | Reached skill level 5 in Fighting
  9946 | D:7      | Noticed Jeremiah
  9984 | D:7      | Killed Jeremiah
 10771 | D:7      | Learned a level 3 spell: Ignite Poison
 10783 | D:7      | Reached skill level 1 in Fire Magic
 11349 | D:8      | Noticed a centaur warrior
 11349 | D:8      | Noticed a two-headed ogre
 11358 | D:8      | Noticed a two-headed ogre
 11358 | D:8      | Noticed a deep elf pyromancer
 11358 | D:8      | Noticed a cyclops
 11368 | D:8      | Noticed a black mamba
 12196 | D:8      | Noticed an elephant
 12229 | D:9      | Found a stormy altar of Qazlal.
 12251 | D:9      | Found a sacrificial altar of Ru.
 12511 | D:9      | Reached XP level 10. HP: 40/61 MP: 14/22
 12642 | D:9      | Learned a level 5 spell: Fireball
 13140 | D:9      | Learned a level 1 spell: Apportation
 13155 | D:9      | Reached skill level 5 in Fire Magic
 13719 | D:9      | Found a glowing silver altar of Zin.
 13834 | D:10     | Entered Level 10 of the Dungeon
 13850 | D:10     | Reached skill level 5 in Dodging
 13991 | D:10     | Noticed a two-headed ogre
 13994 | D:10     | Killed a two-headed ogre
 14076 | D:10     | Found a sparkling altar of Nemelex Xobeh.
 14213 | D:10     | Noticed an elephant
 14219 | D:10     | Killed an elephant
 14276 | D:10     | Found a staircase to the Lair.
 14477 | D:10     | Noticed an orc knight
 14481 | D:10     | Killed an orc knight
 14549 | D:10     | Found Qoid's Weapon Shoppe.
 14551 | D:10     | Found a staircase to the Orcish Mines.
 14553 | D:10     | Found Xesep's Armour Shoppe.
 14599 | Orc:1    | Entered Level 1 of the Orcish Mines
 14599 | Orc:1    | Noticed an ettin
 14602 | Orc:1    | Killed an ettin
 14603 | Orc:1    | Reached XP level 11. HP: 68/68 MP: 13/23
 14839 | Orc:1    | Noticed Jorgrun
 14839 | Orc:1    | Noticed an orc sorcerer
 14842 | Orc:1    | Killed an orc sorcerer
 14843 | Orc:1    | Reached skill level 7 in Spellcasting
 14843 | Orc:1    | Reached skill level 1 in Conjurations
 14844 | Orc:1    | Killed Jorgrun
 15179 | Orc:1    | Reached skill level 8 in Spellcasting
 15371 | Orc:2    | Entered Level 2 of the Orcish Mines
 15589 | Orc:2    | Found Lomalent's Weapon Shop.
 15845 | Orc:2    | Noticed an orc sorcerer
 15848 | Orc:2    | Killed an orc sorcerer
 15849 | Orc:2    | Reached skill level 9 in Spellcasting
 16072 | Orc:2    | Found a staircase to the Elven Halls.
 16115 | Orc:2    | Noticed an orc sorcerer
 16119 | Orc:2    | Killed an orc sorcerer
 16120 | Orc:2    | Reached skill level 5 in Conjurations
 16127 | Orc:2    | Noticed an orc warlord
 16133 | Orc:2    | Killed an orc warlord
 16136 | Orc:2    | Reached skill level 10 in Spellcasting
 16204 | Orc:2    | Noticed an orc knight
 16208 | Orc:2    | Killed an orc knight
 16490 | Orc:2    | Found Istep's Antique Weapon Emporium.
 16492 | Orc:2    | Found Qiesim's Antique Armour Shoppe.
 16511 | Orc:2    | Bought a runed cloak for 180 gold pieces
 16823 | Orc:2    | Found Zequrch's Weapon Shop.
 16823 | Orc:2    | Noticed an orc knight
 16827 | Orc:2    | Killed an orc knight
 16828 | Orc:2    | Reached skill level 11 in Spellcasting
 16828 | Orc:2    | Reached XP level 12. HP: 73/73 MP: 15/29
 17070 | Orc:2    | Noticed an orc high priest
 17072 | Orc:2    | Killed an orc high priest
 18396 | D:10     | Learned a level 2 spell: Searing Ray
 18401 | D:10     | Learned a level 4 spell: Fulminant Prism
 18451 | Lair:1   | Entered Level 1 of the Lair of Beasts
 18480 | Lair:1   | Reached skill level 12 in Spellcasting
 18547 | Lair:1   | Quit the game

Illustrated notes

Levels and vault maps discovered:
D:1:      mrwooster_arrival_arrow, layout_loops_ring
D:2:      kennysheep_big_flooded_room, layout_rooms, basic_altar
D:3:      layout_loops_cross, eat_drink_and_be_merry_uskayaw,
          basic_ecumenical_altar
D:4:      layout_loops_cross, vehumet_crystals,
          minmay_temple_entry_statues_fountains, uniq_duvessa
D:5:      layout_loops_ring, jmf_multi_god_temple, ebering_ghost_sewer_f,
          uniq_blork_the_orc
D:6:      layout_rooms, nicolae_eternal_life
D:7:      layout_basic, okawaru_ov_weapons_minmay, serial_curves,
          eino_curves_02, eino_curves_01, eino_curves_01, eino_curves_02,
          enter_ossuary_5, uniq_jeremiah
D:8:      layout_basic, serial_glass, glass_columns_b, glass_columns_b,
          glass_columns_b, glass_columns_a, glass_columns_c, glass_columns_a,
          glass_columns_c, glass_columns_a, item_on_display_a,
          due_unseen_surprise, minmay_strange_pillars, feat_on_display,
          minivault_12
D:9:      layout_basic, nicolae_ru_path_of_blood,
          mainiacjoe_overflow_tiny_flanked, mainiacjoe_overflow_alcove_1,
          unseen_surprise_small
D:10:     layout_basic, mainiacjoe_overflow_alcove_2, david_lair_generic,
          orc_david_3
Temple:   nicolae_temple_figure_eight
Lair:1:   layout_roguey, grunt_megastairs_4, uniq_gastronok
Orc:1:    layout_caves, basic_altar, uniq_jorgrun
Orc:2:    grunt_orc_community_town_hall, layout_caves,
          grunt_orc_community_big_house_1, grunt_orc_community_big_house_1,
          grunt_orc_community_house_1, grunt_orc_community_house_3,
          grunt_orc_community_house_1, grunt_orc_community_house_3,
          grunt_orc_community_house_1, basic_altar

Skill      XL: |  1  2  3  4  5  6  7  8  9 10 11 12 |
---------------+-------------------------------------+-----
Spellcasting   | 4 5 6 11 12 | 12.0
Poison Magic   | 5 7 8 10 | 10.0
Air Magic      | 4 5 |  5.0
Fighting       | 2 6 7 8 |  8.0
Fire Magic     | 3 8 |  8.0
Dodging        | 3 6 8 |  8.0
Conjurations   | 7 8 |  8.0
Stealth        | |  2.4
Transmutations | |  1.1

Action                     |  1- 3 |  4- 6 |  7- 9 | 10-12 || total
---------------------------+-------+-------+-------+-------++-------
  Melee: Staff             |    13 |    33 |    11 |    11 ||    68
         Dagger            |    31 |       |   586 |       ||   617
         Punch             |     2 |       |    16 |     2 ||    20
         Short sword       |       |       |     7 |    27 ||    34
   Cast: Sting             |    15 |     9 |    32 |       ||    56
         Poisonous Vapours |    68 |    83 |   107 |    87 ||   345
         Blink             |       |       |     5 |       ||     5
         Olgreb's Toxic Ra |       |       |    16 |    39 ||    55
         Mephitic Cloud    |       |       |     9 |     5 ||    14
         Ignite Poison     |       |       |     6 |    62 ||    68
 Invoke: Call Merchant     |       |       |       |     3 ||     3
    Use: Scroll            |     2 |     2 |    11 |     2 ||    17
         Potion            |     1 |     1 |     6 |     1 ||     9
   Stab: Sleeping          |     1 |       |     6 |       ||     7
         Distracted        |       |       |     1 |       ||     1
 Armour: Robe              |    41 |    30 |   322 |    32 ||   425
  Dodge: Dodged            |    36 |    46 |   342 |    60 ||   484

Table legend: (Time is in decaauts)
 A = Elapsed time spent in this place.
 B = Non-inter-level travel time spent in this place.
 C = Inter-level travel time spent in this place.
 D = Time resting spent in this place.
 E = Time spent auto-exploring this place.
 F = Levels seen in this place.
 G = Mean time per level.
                   A        B        C        D        E       F      G
               +--------+--------+--------+--------+--------+-----+--------+
         Total |  18554 |  17902 |    652 |   4011 |   9244 |  15 | 1236.9 |
       Dungeon |  13956 |  13632 |    324 |   3052 |   7347 |  10 | 1395.6 |
        Temple |     26 |     14 |     12 |      0 |      0 |   1 |   26.0 |
          Lair |     95 |     95 |      0 |     35 |     34 |   1 |   95.0 |
  Orcish Mines |   3430 |   3115 |    315 |    564 |   1863 |   2 | 1715.0 |
       Ossuary |   1045 |   1045 |      0 |    360 |      0 |   1 | 1045.0 |
               +--------+--------+--------+--------+--------+-----+--------+

Top non-repeatable levels by time:
   Orc:2: 2433 daAuts
     D:7: 2099 daAuts
     D:5: 1623 daAuts
     D:9: 1616 daAuts
     D:1: 1496 daAuts
     D:3: 1336 daAuts
     D:4: 1288 daAuts
    D:10: 1187 daAuts
     D:6: 1176 daAuts
     D:8: 1094 daAuts
 Ossuary: 1045 daAuts
     D:2: 1038 daAuts
   Orc:1: 996 daAuts
  Lair:1: 95 daAuts
  Temple: 26 daAuts
